 Dungeon Crawl Stone Soup version 0.28-a0-1415-g7c84da036a (webtiles) character file.

Game seed: 13195525253138715494

9 lonewolfV2 the Skirmisher (level 2, -1/24 HPs)
             Began as a Demonspawn Berserker on Jan 7, 2022.
             Was a Follower of Trog.
             Slain by a jackal (3 damage)
             ... on level 1 of the Dungeon.
             The game lasted 00:00:26 (422 turns).

lonewolfV2 the Skirmisher (Demonspawn Berserker)     Turns: 422, Time: 00:00:27

Health: -1/24      AC:  2    Str: 17    XL:     2   Next: 3%
Magic:  2/2        EV: 12    Int:  8    God:    Trog [*.....]
Gold:   0          SH:  0    Dex: 12    Spells: 1/1 levels left

rFire   . . .      SeeInvis .   a - +0 hand axe
rCold   . . .      Faith    .   (no shield)
rNeg    . . .      Spirit   .   b - +0 animal skin
rPois   .          Reflect  .   (no helmet)
rElec   .          Harm     .   (no cloak)
rCorr   .          Rampage  .   (no gloves)
Will    .....                   (no boots)
Stlth   +.........              (no amulet)
HPRegen 0.08/turn               (no ring)
MPRegen 0.08/turn               (no ring)

@: no status effects
A: claws 1
a: Renounce Religion, Berserk


You were on level 1 of the Dungeon.
You worshipped Trog.
Trog was aware of your devotion.
You visited 1 branch of the dungeon, and saw 1 of its levels.

Inventory:

Hand Weapons
 a - a +0 hand axe (weapon)
Armour
 b - a +0 animal skin (worn)
Potions
 c - a potion of magic {unknown}
 d - a potion of degeneration {unknown}
 e - a potion of lignification {unknown}


   Skills:
 + Level 3.2 Fighting
 + Level 2.8 Axes
 + Level 1.9 Armour
 + Level 2.0 Dodging


You had one spell level left.
You didn't know any spells.
Your spell library was empty.

Dungeon Overview and Level Annotations

Branches:
Dungeon (1/15)

Altars:


Innate Abilities, Weirdness & Mutations

You have sharp fingernails.


Message History

The jackal barely misses you. x3
You closely miss the jackal.
The jackal is severely wounded.
You hit the jackal.
You kill the jackal!
Trog accepts your kill. The jackal bites you.
You closely miss the jackal.
The jackal is severely wounded.
A jackal comes into view.
The jackal bites you but does no damage.
The jackal bites you.
You hit the jackal.
You kill the jackal!
Trog accepts your kill.
You hit the jackal but do no damage. The jackal barely misses you.
The jackal misses you. The jackal barely misses you.
You hit the jackal.
The jackal is moderately wounded.
You hit the jackal.
You kill the jackal!
Trog accepts your kill. The jackal bites you. The jackal completely misses you.
You completely miss the jackal.
The jackal is moderately wounded.
The jackal bites you.
* * * LOW HITPOINT WARNING * * *
You hit the jackal.
You kill the jackal!
Trog accepts your kill.
You closely miss the jackal. The jackal bites you.
* * * LOW HITPOINT WARNING * * *
Your Dodging skill increases to level 2!
You have reached level 2!
Your demonic ancestry asserts itself...
Your fingernails lengthen.
You closely miss the jackal.
The jackal is moderately wounded.
The jackal bites you.
You die...

###...##.#.>#.#.#.####
........ #....#.#.#
...#..####..#.#.#.#
................#.#
...#..####..#.###.#
...#..#.....#...#.#
...#..#.##..#.#.#.#
#..#..........#...######
#........#..#.##@h......
............#.##†#######
.....####.###.##.#
.....# #.# #.##.# ##...#
#.# #.##.# .....# #.#
#.##.. ###..# #.# .##.#
#.## #.# #.# #.# #.#


You could see a jackal.

Vanquished Creatures
  6 jackals (D:1)
  A goblin (D:1)
7 creatures vanquished.

Notes
Turn   | Place    | Note
-------+----------+-------------------------------------------
     0 | D:1      | lonewolfV2 the Demonspawn Berserker began the quest for the
                  | Orb.
     0 | D:1      | Reached XP level 1. HP: 18/18 MP: 1/1
   422 | D:1      | Gained mutation: You have sharp fingernails. [demonic
                  | ancestry]
   422 | D:1      | Reached XP level 2. HP: 2/24 MP: 2/2
   422 | D:1      | Slain by a jackal

Illustrated notes

Levels and vault maps discovered:
D:1:      erik_arrival_blinker_ship, layout_basic, minmay_tetromino_o2

Skill      XL: |  1 |
---------------+----+-----
Dodging        | 2 |  2.0
Fighting       | |  3.2
Axes           | |  2.8
Armour         | |  1.9

Action                   || total
-------------------------++-------
Melee: Hand axe          ||    23
       Punch             ||     1
Armor: Animal skin       ||     4
Dodge: Dodged            ||    19

Table legend: (Time is in decaauts)
 A = Elapsed time spent in this place.
 B = Non-inter-level travel time spent in this place.
 C = Inter-level travel time spent in this place.
 D = Time resting spent in this place.
 E = Time spent auto-exploring this place.
 F = Levels seen in this place.
 G = Mean time per level.
                   A        B        C        D        E       F      G
               +--------+--------+--------+--------+--------+-----+--------+
         Total |    426 |    426 |      0 |      0 |    375 |   1 |  426.0 |
       Dungeon |    426 |    426 |      0 |      0 |    375 |   1 |  426.0 |
               +--------+--------+--------+--------+--------+-----+--------+

Top non-repeatable levels by time:
     D:1: 426 daAuts
